 Dungeon Crawl Stone Soup version 0.29.1-15-g9cfb28693d (webtiles) character file.

Game seed: 15560464718078483517

16597 adizb the Cleaver (level 12, 0/101 HPs)
             Began as a Palentonga Fighter on Apr 27, 2023.
             Was an Elder of the Shining One.
             Slain by a black mamba (12 damage)
             ... on level 2 of the Lair of Beasts.
             The game lasted 00:43:14 (7686 turns).

adizb the Cleaver (Palentonga Fighter)              Turns: 7686, Time: 00:43:15

Health: 0/101      AC: 16    Str: 25    XL:     12   Next: 11%
Magic:  13/15      EV: 12    Int: 10    God:    the Shining One [****..]
Gold:   745        SH: 18    Dex:  8    Spells: 11/15 levels left

rFire   . . .      SeeInvis +   l - +7 broad axe (venom)
rCold   . . .      Faith    .   Q - +1 kite shield
rNeg    + + .      Spirit   .   v - +1 troll leather armour {Pargi}
rPois   .          Reflect  .   y - +0 helmet
rElec   .          Harm     .   o - +0 cloak
rCorr   .          Rampage  .   (no gloves)
Will    .....                   (no barding)
Stlth   +.........              (no amulet)
HPRegen 1.06/turn               g - ring of flight
MPRegen 0.14/turn               j - +4 ring of evasion

@: lethally poisoned (0 -> -3), divinely shielded, flying, glowing, curled up
A: large, rugged brown scales 3, see invisible, deformed body, roll 2, armoured
tail, reflexive curl, clumsy 1, wild magic 1
a: Rolling Charge, Renounce Religion, Divine Shield, Cleansing Flame


You were on level 2 of the Lair of Beasts.
You worshipped the Shining One.
The Shining One was greatly pleased with you.
You visited 3 branches of the dungeon, and saw 14 of its levels.

You collected 745 gold pieces.

Inventory:

Hand Weapons
 k - a +3 morningstar of flaming
 l - a +7 broad axe of venom (weapon)
Missiles
 K - a throwing net
 P - 2 boomerangs of dispersal
Armour
 o - a +0 cloak (worn)
 v - a +1 troll leather armour (worn) {Pargi}
 x - a +2 robe of cold resistance
 y - a +0 helmet (worn)
 H - a +0 plate armour
 J - a +0 chain mail of willpower
 Q - a +1 kite shield (worn)
Jewellery
 g - a ring of flight (left hand)
 h - a ring of protection from fire
 j - a +4 ring of evasion (right hand)
 G - a +6 ring of intelligence
 S - a ring of wizardry
Wands
 c - a wand of flame (21)
 q - a wand of paralysis (4)
 t - a wand of iceblast (9)
 A - a wand of digging (5)
 N - a wand of polymorph (11)
Scrolls
 a - 4 scrolls of teleportation
 i - 3 scrolls of noise {unknown}
 p - 3 scrolls of blinking {unknown}
 w - 2 scrolls of vulnerability
 D - 2 scrolls of amnesia
 F - a scroll of magic mapping {unknown}
 I - a scroll of silence
 L - a scroll of immolation {unknown}
 M - a scroll of poison {unknown}
 O - 2 scrolls of fear
Potions
 b - a potion of magic {unknown}
 d - 3 potions of might
 e - 2 potions of flight
 f - 2 potions of brilliance
 m - 4 potions of curing
 n - 2 potions of attraction
 r - a potion of ambrosia {unknown}
 s - 3 potions of cancellation
 u - a potion of mutation
 B - a potion of lignification {unknown}
 C - 2 potions of resistance
 E - a potion of haste {unknown}
Miscellaneous
 z - a phial of floods
 R - a box of beasts


   Skills:
 + Level 9.0 Fighting
 * Level 12.0 Axes
 + Level 7.3 Armour
 + Level 9.0 Shields
 - Level 2.0 Spellcasting
 + Level 4.2 Hexes
 - Level 3.0 Invocations
 - Level 2.0 Evocations


You had 11 spell levels left.
You knew the following spells:

 Your Spells              Type           Power      Damage    Failure   Level
a - Cause Fear            Hex            6%         N/A       82%         4

Your spell library contained the following spells:

 Spells                   Type           Power      Damage    Failure   Level
 Confusing Touch          Hex            12%        N/A       43%         3
 Apportation              Tloc           2%         N/A       63%         1
 Magic Dart               Conj           4%         1d3       63%         1
 Portal Projectile        Hex/Tloc       12%        N/A       71%         3
 Summon Guardian Golem    Hex/Summ       6%         N/A       71%         3
 Call Imp                 Summ           1%         N/A       77%         2
 Call Canine Familiar     Summ           1%         N/A       93%         3
 Gell's Gravitas          Tloc           1%         N/A       93%         3
 Lesser Beckoning         Tloc           1%         N/A       93%         3
 Mephitic Cloud           Conj/Pois/Air  1%         N/A       93%         3
 Teleport Other           Tloc           1%         N/A       93%         3
 Leda's Liquefaction      Hex/Erth       3%         N/A       97%         4
 Hailstorm                Conj/Ice       1%         3d3       100%        4
 Ice Form                 Ice/Tmut       1%         N/A       100%        4
 Petrify                  Tmut/Erth      1%         N/A       100%        4
 Alistair's Intoxication  Tmut/Pois      0%         N/A       100%        5
 Metabolic Englaciation   Hex/Ice        3%         N/A       100%        5
 Summon Forest            Summ/Tloc      0%         N/A       100%        5
 Summon Mana Viper        Hex/Summ       6%         N/A       100%        5
 Yara's Violent Unravell  Hex/Tmut       3%         3d4       100%        5
 Simulacrum               Ice/Necr       0%         N/A       100%        6
 Statue Form              Tmut/Erth      0%         N/A       100%        6
 Summon Cactus Giant      Summ           0%         N/A       100%        6
 Dragon Form              Tmut           0%         N/A       100%        7
 Enfeeble                 Hex            6%         N/A       100%        7
 Orb of Destruction       Conj           0%         9d5       100%        7
 Spellforged Servitor     Conj/Summ      0%         N/A       100%        7
 Dragon's Call            Summ           0%         N/A       100%        9


Dungeon Overview and Level Annotations

Branches:
Dungeon (11/15)            Temple (1/1) D:5            Lair (2/5) D:11
  Swamp: Lair:2-3    Shoals: Lair:2-3     Snake: Lair:2-3    Spider: Lair:2-3
    Orc: D:9-12

Altars:
Ashenzari
Cheibriados
Dithmenos
Elyvilon
Fedhas
Gozag
Hepliaklqana
Kikubaaqudgha
Makhleb
Nemelex Xobeh
Okawaru
Qazlal
Ru
Sif Muna
Trog
Uskayaw
Vehumet
Wu Jian
Xom
Yredelemnul
Zin
The Shining One

Shops:
D:1 (   D:3 [   D:6 =

Annotations:
D:11 1 runed translucent door


Innate Abilities, Weirdness & Mutations

You are completely covered in rugged brown scales. (AC +3, +7% HP)
You have supernaturally acute eyesight. (SInv)
Armour fits poorly on your strangely shaped body.
You can roll at foes to attack.
You have a long armoured tail.
You curl defensively after being hit. (AC +7*)
You are clumsy. (Dex -2)
Your spells are a little harder to cast, but a little more powerful.


Message History

The cane toad poisons you! The black mamba barely misses you.
You feel better. The black mamba barely misses you.
The cane toad barely misses you.
The black mamba bites you but does no damage.
The cane toad closely misses you.
Your shield is strengthened by the Shining One's divine power.
The black mamba bites you but does no damage.
You block the black mamba's attack. The cane toad closely misses you.
You barely miss the cane toad.
The cane toad is severely wounded.
You barely miss the black mamba. You block the black mamba's attack.
The cane toad stings you!
* * * LOW HITPOINT WARNING * * *
The black mamba bites you.
* * * LOW HITPOINT WARNING * * *
You feel better. The black mamba bites you.
* * * LOW HITPOINT WARNING * * *
The cane toad barely misses you. The black mamba closely misses you.
You slash the cane toad!
You kill the cane toad!
You slash the black mamba! The black mamba misses you.
The black mamba bites you.
* * * LOW HITPOINT WARNING * * *
You are poisoned.
The black mamba poisons you!
Your Fighting skill increases to level 9!
Your Axes skill increases to level 12!
You closely miss the black mamba.
The black mamba is almost dead.
You feel very sick. The black mamba barely misses you.
You block the black mamba's attack.
You closely miss the black mamba.
The black mamba is severely wounded.
You feel very sick. The black mamba barely misses you.
The black mamba misses you.
You hit the black mamba.
The black mamba is almost dead.
You feel very sick. You block the black mamba's attack.
The black mamba bites you!
You die...

## # # ## #########
.#
..#.#P###.##.#.P##.#
...................#
...................#
......†@...........#
......S######.#....#
....... ##.....##
....... ##.....#
....... #.<..##
....... #.†..#
....... #.....#
..>.... ......#
......##


You could see a black mamba.

Vanquished Creatures
  A hydra (Lair:1)
  A boulder beetle (D:11)
  4 two-headed ogres
  2 cyclopes
  A manticore (D:9)
  4 cane toads
  2 black mambas
  2 rime drakes (Lair:1)
  A komodo dragon (Lair:1)
  A troll (D:11)
  The ghost of monsoonserge the Insei, an amateur GnTm (D:4)
  A vampire (D:11)
  A wraith (D:11)
  A basilisk (Lair:1)
  26 yaks
  A steam dragon (D:8)
  Edmund (D:5)
  An acid dragon (D:10)
  2 sky beasts (D:7)
  Pargi (D:4)
  2 orc warriors
  2 ice beasts
  2 centaurs
  15 wolves
  A bullfrog (Lair:2)
  A kobold brigand (D:7)
  2 necrophages
  A gnoll sergeant (D:7)
  2 scorpions
  14 wights
  9 killer bees
  3 electric eels (D:11)
  4 crimson imps (D:9)
  2 hounds
  A gnoll bouda (D:8)
  4 orc priests
  Jessica (D:3)
  6 iguanas
  9 orc wizards
  A mummy (D:6)
  Robin (D:4)
  11 gnolls
  7 adders
  3 white imps
  An ufetubus (D:5)
  A worm (D:5)
  2 dart slugs
  36 orcs
  4 ball pythons
  5 bats
  7 endoplasms
  5 giant cockroaches
  11 goblins
  10 hobgoblins
  7 jackals (D:1)
  10 kobolds
  2 quokkas
  3 frilled lizards
  3 rats
  A spectral orc (D:7)
267 creatures vanquished.

Vanquished Creatures (others)
  2 fungi (Lair:1)
  4 plants (Lair:1)
6 creatures vanquished.

Grand Total: 273 creatures vanquished

Notes
Turn   | Place    | Note
-------+----------+-------------------------------------------
     0 | D:1      | adizb the Palentonga Fighter began the quest for the Orb.
     0 | D:1      | Reached XP level 1. HP: 19/19 MP: 1/1
     6 | D:1      | Noticed a lindwurm
     6 | D:1      | Noticed a black bear
     8 | D:1      | Noticed an iguana
     8 | D:1      | Noticed a salamander
   299 | D:1      | Reached XP level 2. HP: 25/25 MP: 2/2
   673 | D:1      | Found Rimoisoe's Weapon Shop.
   785 | D:2      | Reached XP level 3. HP: 31/31 MP: 3/3
  1054 | D:2      | Reached skill level 3 in Axes
  1643 | D:3      | Found Simpas Hypse's Antique Armour Boutique.
  1657 | D:3      | Reached XP level 4. HP: 37/37 MP: 4/4
  1712 | D:3      | Reached XP level 5. HP: 14/44 MP: 5/5
  1820 | D:3      | Noticed Jessica
  1842 | D:3      | Killed Jessica
  1941 | D:3      | Found a faded altar of an unknown god.
  2190 | D:4      | Reached skill level 4 in Axes
  2415 | D:4      | Noticed Robin
  2428 | D:4      | Killed Robin
  2456 | D:4      | Found a runed translucent door.
  2456 | D:4      | Noticed monsoonserge's ghost (amateur GnTm)
  2477 | D:4      | Reached XP level 6. HP: 36/51 MP: 6/6
  2565 | D:4      | Identified a scroll of acquirement
  2567 | D:4      | Acquired a +2 broad axe of venom
  2651 | D:4      | Noticed Pargi
  2653 | D:4      | Killed Pargi
  2672 | D:4      | HP: 1/51 [iguana (5)]
  2677 | D:4      | Reached skill level 5 in Axes
  3016 | D:4      | Killed monsoonserge's ghost
  3017 | D:4      | Gained mutation: You curl defensively after being hit. (AC
                  | +7*) [Palentonga growth]
  3017 | D:4      | Reached XP level 7. HP: 39/58 MP: 7/7
  3036 | D:5      | Entered Level 5 of the Dungeon
  3052 | D:5      | Found a staircase to the Ecumenical Temple.
  3063 | Temple   | Entered the Ecumenical Temple
  3140 | Temple   | Became a worshipper of the Shining One
  3233 | D:5      | Noticed Edmund
  3241 | D:5      | Killed Edmund
  3242 | D:5      | Reached skill level 5 in Fighting
  3242 | D:5      | Reached skill level 6 in Axes
  3305 | D:5      | Reached XP level 8. HP: 66/66 MP: 8/8
  3812 | D:6      | Found a snail-covered altar of Cheibriados.
  3840 | D:6      | Found Visaff's Jewellery Shop.
  3870 | D:6      | Found a radiant altar of Vehumet.
  3910 | D:6      | Reached skill level 5 in Shields
  3983 | D:6      | Reached skill level 7 in Axes
  4179 | D:7      | Reached * piety under the Shining One
  4200 | D:7      | Reached XP level 9. HP: 20/73 MP: 9/9
  4266 | D:7      | Reached skill level 8 in Axes
  4644 | D:7      | Found a basalt altar of Yredelemnul.
  4838 | D:8      | Reached skill level 5 in Armour
  4877 | D:8      | Reached ** piety under the Shining One
  5204 | D:9      | Noticed a two-headed ogre
  5208 | D:9      | Killed a two-headed ogre
  5209 | D:9      | Reached skill level 9 in Axes
  5257 | D:9      | Found a shimmering altar of Xom.
  5381 | D:9      | Reached XP level 10. HP: 78/84 MP: 10/10
  5532 | D:9      | Found a white marble altar of Elyvilon.
  5565 | D:9      | Noticed a manticore
  5568 | D:9      | Killed a manticore
  5587 | D:9      | Identified the +1 robe of Pizxube {Drain rPois rC+}
  5621 | D:9      | Noticed a cyclops
  5626 | D:9      | Killed a cyclops
  5687 | D:9      | Reached *** piety under the Shining One
  5694 | D:9      | Reached skill level 10 in Axes
  5823 | D:10     | Entered Level 10 of the Dungeon
  5835 | D:10     | Noticed a two-headed ogre
  5840 | D:10     | Reached skill level 1 in Invocations
  5841 | D:10     | Reached skill level 1 in Evocations
  5844 | D:10     | Killed a two-headed ogre
  6032 | D:10     | Learned a level 4 spell: Cause Fear
  6205 | D:10     | Reached XP level 11. HP: 55/92 MP: 12/12
  6208 | D:10     | Reached skill level 1 in Spellcasting
  6208 | D:10     | Reached skill level 1 in Hexes
  6335 | D:10     | Gained mutation: Your spells are a little harder to cast,
                  | but a little more powerful. [potion of mutation]
  6335 | D:10     | Gained mutation: You are clumsy. (Dex -2) [potion of
                  | mutation]
  6335 | D:10     | Gained mutation: You can roll at foes to attack. [potion of
                  | mutation]
  6524 | D:11     | Noticed a two-headed ogre
  6528 | D:11     | Killed a two-headed ogre
  6598 | D:11     | Noticed a stone giant
  6598 | D:11     | Noticed a deep troll earth mage
  6599 | D:11     | Found a runed translucent door.
  6601 | D:11     | Noticed an ettin
  6601 | D:11     | Noticed an ettin
  6601 | D:11     | Noticed a war gargoyle
  6601 | D:11     | Noticed a yaktaur captain
  6601 | D:11     | Noticed a yaktaur captain
  6601 | D:11     | Reached **** piety under the Shining One
  6637 | D:11     | Found an opulent altar of Gozag.
  6709 | D:11     | Noticed a boulder beetle
  6714 | D:11     | Killed a boulder beetle
  6748 | D:11     | Reached skill level 11 in Axes
  6757 | D:11     | Found a staircase to the Lair.
  6803 | D:11     | Noticed a two-headed ogre
  6807 | D:11     | Killed a two-headed ogre
  6935 | Lair:1   | Entered Level 1 of the Lair of Beasts
  7336 | Lair:1   | Noticed a four-headed hydra
  7349 | Lair:1   | Killed a four-headed hydra
  7350 | Lair:1   | Reached XP level 12. HP: 77/100 MP: 15/15
  7684 | Lair:2   | Reached skill level 12 in Axes
  7686 | Lair:2   | Slain by a black mamba

Illustrated notes

Levels and vault maps discovered:
D:1:      onia_arrival_zoo_common, layout_basic, serial_shops, shop
D:2:      layout_basic, kennysheep_big_empty_room, minmay_tromino_v7
D:3:      layout_basic, serial_shops, nicolae_shop_hallway_plus,
          ebering_ecumenical_altar_mist, uniq_jessica
D:4:      layout_basic, hellmonk_ghost_happy_afterlife, uniq_robin, uniq_pargi
D:5:      layout_basic, minmay_temple_entry_glassed_door,
          hangedman_minor_gate_pass, uniq_edmund
D:6:      layout_rooms, nicolae_vehumet_altar_sigil, slow_altar_2, serial_shops,
          nicolae_inconvenience_store
D:7:      layout_rooms, yredelemnul_forgotten_temple_becter,
          serial_bayou_crossing
D:8:      layout_loops_ring
D:9:      layout_long_grid, old_standard_altar, led_xom_imps
D:10:     layout_loops_ring, lemuel_flame_loot_1
D:11:     minmay_gate_of_8, layout_cave_pools, erik_lair_island,
          grunt_gozag_breadcrumbs
Temple:   minmay_temple_bridge_d
Lair:1:   layout_regular_city, lemuel_fruit_tree
Lair:2:   layout_chaotic_city, basic_altar, uniq_harold

Skill      XL: |  1  2  3  4  5  6  7  8  9 10 11 12 |
---------------+-------------------------------------+-----
Shields        | 3 4 5 7 8 9 |  9.0
Axes           | 3 4 5 6 7 9 10 11 12 | 12.0
Fighting       | 4 5 6 7 8 9 |  9.0
Armour         | 3 4 5 6 7 |  7.3
Invocations    | 2 3 |  3.0
Evocations     | 1 2 |  2.0
Spellcasting   | 2 |  2.0
Hexes          | 4 |  4.2

Action                   |  1- 3 |  4- 6 |  7- 9 | 10-12 || total
-------------------------+-------+-------+-------+-------++-------
Melee: War axe           |   122 |    90 |       |       ||   212
       Tailslap          |    12 |    19 |    23 |    43 ||    97
       Broad axe         |       |    18 |   151 |   187 ||   356
       Morningstar       |       |       |       |     7 ||     7
Invok: Divine Shield     |       |       |       |     1 ||     1
 Abil: Rolling Charge    |    25 |    23 |    49 |    32 ||   129
  Use: Scroll            |       |     6 |    12 |     9 ||    27
       Potion            |       |     3 |     2 |     3 ||     8
Armor: Scale mail        |    58 |       |       |       ||    58
       Chain mail        |     1 |    35 |       |       ||    36
       Troll leather arm |       |     1 |    30 |    46 ||    77
Dodge: Dodged            |    62 |    49 |    64 |   101 ||   276
Block: Buckler           |    23 |    15 |    23 |       ||    61
       Kite shield       |       |       |    19 |    81 ||   100
